[Event "Early-Titled-Tuesday-Blitz-July-09-2024"]
[Site "Chess.com"]
[Date "2024.07.09"]
[Round "3"]
[White "AmbartsumianTyhran2012"]
[Black "luggevoila"]
[Result "1-0"]
[WhiteElo "2568"]
[BlackElo "2314"]
[TimeControl "180+1"]
[EndTime "8:30:02 PDT"]
[Termination "AmbartsumianTyhran2012 won by resignation"]

1. e4 e5 2. Nf3 Nc6 3. d4 exd4 4. Nxd4 Qf6 5. Nf3 Bb4+ 6. c3 Bc5 7. Be2 Nge7 8. a4 a5 9. Na3 O-O 10. Nb5 Bb6 11. O-O d6 12. Bg5 Qg6 13. Bd3 Qh5 14. h3 h6 15. Bf4 Ng6 16. Bg3 Nge5 17. Nxe5 Qxd1 18. Rfxd1 Nxe5 19. Be2 f5 20. exf5 Bxf5 21. Bxe5 dxe5 22. Bc4+ Kh8 23. Rd2 Rad8 24. Rad1 Rxd2 25. Rxd2 Bc8 26. Bb3 e4 27. Re2 Bf5 28. Bc2 Re8 29.
Na3 Bh7 30. Nc4 Bc5 31. Kf1 b6 32. Ke1 Bg6 33. Ne3 Kh7 34. Nd5 c6 35. Nf4 Bf5 36.
g4 Bc8 37. Bxe4+ Kh8 38. Ng6+ Kg8 39. Bd5+ cxd5 40. Rxe8+ Kf7 41. Rxc8 Kxg6 42. Kf1 Kg5 43. Kg2 Kf4 44. Re8 1-0

[Event "Early-Titled-Tuesday-Blitz-July-09-2024"]
[Site "Chess.com"]
[Date "2024.07.09"]
[Round "3"]
[White "elizabethcastaneda"]
[Black "Herman-NY"]
[Result "0-1"]
[WhiteElo "2306"]
[BlackElo "2562"]
[TimeControl "180+1"]
[EndTime "8:30:02 PDT"]
[Termination "Herman-NY won on time"]

1. e4 e5 2. Nf3 Nc6 3. Bc4 Nf6 4. d3 Be7 5. O-O O-O 6. c3 d6 7. Re1 Na5 8. Bb3 Nxb3 9. axb3 h6 10. Nbd2 Re8 11. Nc4 Bf8 12. Qc2 Bg4 13. Nfd2 c5 14.
Ne3 Be6 15. Ndf1 g6 16. Bd2 d5 17. exd5 Nxd5 18. Nc4 Bf5 19. Nxe5 Bg7 20. f4 Qc7 21. Ng3 Be6 22. Ra4 a5 23. Rae4 Rad8 24. Nxg6 fxg6 25.
Rxe6 Rxe6 26. Rxe6 Nxf4 27. Bxf4 Qxf4 28. Qe2 Qc1+ 29.
Nf1 Kh7 30. Re7 Rf8 31. h4 h5 32. Rxb7 Kh8 33. Re7 Bf6 34. Re8 Rxe8 35. Qxe8+ Kg7 36. Qd7+ Kh6 37. Qh3 Qxb2 38. Qe3+ Kg7 39. Qxc5 Bxc3 40. Qe7+ Kh6 41. Qe3+ Kh7 42. Qe7+ Kh6 43. Qe3+ Kh7 44. Qe7+ Bg7 0-1

[Event "Early-Titled-Tuesday-Blitz-July-09-2024"]
[Site "Chess.com"]
[Date "2024.07.09"]
[Round "3"]
[White "FloMasterAAK"]
[Black "AradNazari"]
[Result "0-1"]
[WhiteElo "2572"]
[BlackElo "2802"]
[TimeControl "180+1"]
[EndTime "8:30:03 PDT"]
[Termination "AradNazari won on time"]

1. e4 c5 2. Nf3 d6 3. d4 cxd4 4. Nxd4 Nf6 5. Nc3 Nc6 6. Bg5 a6 7. Qd2 e6 8. O-O-O Bd7 9. f4 Be7 10. Nf3 b5 11. Bxf6 gxf6 12. Kb1 Qb6 13. f5 Rc8 14.
Bd3 Ne5 15. Ne2 Nc4 16. Bxc4 Rxc4 17. Qd3 Qc7 18. Rhe1 b4 19. Nf4 a5 20. Nd4 Qc8 21. fxe6 fxe6 22. Qg3 Kf7 23. Qf3 h5 24. Nxh5 Qc5 25.
Nxf6 Bxf6 26. e5 dxe5 27. Nb3 Qc7 28. Rf1 Rf4 29. Qd3 Bc6 30. g3 Be4 31. Qe2 Rxf1 32.
Rxf1 Bg6 33. Qf2 Qe7 34. Nxa5 Rc8 35. Rc1 Kg7 36. Nb3 Bg5 37. Re1 Rxc2 38. Qxc2 Bxc2+ 39. Kxc2 Qc7+ 40. Kb1 Qc4 41. Rxe5 Qd3+ 0-1

[Event "Early-Titled-Tuesday-Blitz-July-09-2024"]
[Site "Chess.com"]
[Date "2024.07.09"]
[Round "3"]
[White "slidingknight2775"]
[Black "FerAsensio2024"]
[Result "1-0"]
[WhiteElo "2777"]
[BlackElo "2541"]
[TimeControl "180+1"]
[EndTime "8:30:05 PDT"]
[Termination "slidingknight2775 won by resignation"]

1. c4 e5 2. d3 Nc6 3. a3 a5 4.
Nf3 Nf6 5. Nc3 h6 6. g3 Bc5 7.
Bg2 O-O 8. O-O d6 9. e3 Bg4 10. h3 Bh5 11. g4 Bg6 12. d4 Ba7 13. b3 Qe7 14. Bb2 Rad8 15. d5 Nb8 16. Nh4 Bh7 17. Nf5 Bxf5 18. gxf5 e4 19. Ne2 Nbd7 20.
Ng3 Rde8 21. b4 Bb6 22. Kh1 Kh7 23. Bc3 axb4 24. axb4 Ne5 25. Qe2 c6 26. Nxe4 Nxe4 27. Bxe4 cxd5 28. f6+ g6 29. fxe7 Rxe7 30. Bxd5 f5 31.
Bxe5 dxe5 32. c5 Bc7 33. b5 f4 34. b6 Bb8 35. Qg4 h5 36. Qg5 Rd7 37. Be4 Rg7 38. Rg1 Kh8 39. Qh6+ Kg8 40. Bd5+ Rff7 41. Bxf7+ Kxf7 42. exf4 exf4 43. Rad1 Be5 44. Rd7+ Ke6 45. Rxg7 Bxg7 46.
Qxg7 1-0

[Event "Early-Titled-Tuesday-Blitz-July-09-2024"]
[Site "Chess.com"]
[Date "2024.07.09"]
[Round "3"]
[White "kyawmyataung2005"]
[Black "nindjaxx8"]
[Result "0-1"]
[WhiteElo "2343"]
[BlackElo "2707"]
[TimeControl "180+1"]
[EndTime "8:30:05 PDT"]
[Termination "nindjaxx8 won on time"]

1. e4 e6 2. d4 d5 3. Nc3 dxe4 4. Nxe4 Nd7 5. Nf3 Ngf6 6. Nxf6+ Nxf6 7. Bd3 Be7 8. O-O O-O 9. Qe2 b6 10. Rd1 Bb7 11.
c4 Qc8 12. d5 Bc5 13. Bg5 Ng4 14.
Bh4 exd5 15. cxd5 Re8 16. Qc2 h6 17. Bf5 Nxf2 18. Bxc8 Nxd1+ 19. Qxc5 bxc5 20. Bxb7 Rab8 21. Bc6 Re2 22. Rxd1 Rbxb2 23. Ne1 Rxa2 24. Bd8 c4 25.
Bxc7 c3 26. d6 Rad2 27. Ra1 Kf8 28. Bf3 Re5 29. Kf1 Rc5 30. Rc1 Ke8 31. Bg4 f5 32. Bh5+ Kd7 33. Bd1 Rc4 34. Be2 Rc5 35.
Nf3 Rb2 36. Nd4 c2 37. Kf2 a5 38. Ke3 a4 39. Bd3 a3 40. Bxf5+ Rxf5 41. Nxf5 a2 0-1

[Event "Early-Titled-Tuesday-Blitz-July-09-2024"]
[Site "Chess.com"]
[Date "2024.07.09"]
[Round "3"]
[White "biveklama"]
[Black "Cmorales2001"]
[Result "1-0"]
[WhiteElo "2671"]
[BlackElo "2340"]
[TimeControl "180+1"]
[EndTime "8:30:05 PDT"]
[Termination "biveklama won by resignation"]

1. e4 c6 2. d4 d5 3. e5 Bf5 4. h4 h5 5. Bd3 Bxd3 6. Qxd3 Qa5+ 7. Nc3 e6 8. Bg5 Qa6 9. Qh3 Ne7 10. Nge2 Nf5 11. O-O Nd7 12. a4 Bb4 13. Rfd1 Qb6 14. b3 Rc8 15. a5 Bxa5 16. Na4 Qc7 17. c4 Bb4 18. cxd5 cxd5 19. Rac1 Qb8 20. Rxc8+ Qxc8 21. Rc1 Qb8 22. Qd3 a6 23. Nf4 g6 24. f3 b5 25.
Nb2 Be7 26. Qc3 Bxg5 27. hxg5 O-O 28. Nbd3 Qa7 29. Ne2 Nb6 30. Qc5 Qb8 31. Nb4 Qd8 32. Nxa6 Nd7 33. Qc7 Qe7 34. Nc5 Nxc5 35. Qxe7 Nxe7 36.
Rxc5 Rb8 37. b4 Kf8 38. Nc3 Ke8 39. Rxb5 Ra8 40. Rc5 Ra1+ 41. Kf2 Rc1 42. Nxd5 Rxc5 43. Nf6+ Kd8 44. dxc5 Nc6 45. b5 Nxe5 46. f4 Nd3+ 47.
Ke3 Nxc5 48. Kd4 Nd7 49. Nxd7 Kxd7 50. Ke5 Ke7 51. b6 1-0

[Event "Early-Titled-Tuesday-Blitz-July-09-2024"]
[Site "Chess.com"]
[Date "2024.07.09"]
[Round "3"]
[White "Chernov_Alexander_A"]
[Black "kuchma777"]
[Result "0-1"]
[WhiteElo "2258"]
[BlackElo "2467"]
[TimeControl "180+1"]
[EndTime "8:30:05 PDT"]
[Termination "kuchma777 won by resignation"]

1. d4 Nf6 2. Nc3 d5 3. Bg5 h6 4. Bh4 g6 5. e3 Bg7 6. Nf3 O-O 7. Bd3 Bg4 8. h3 Bxf3 9. Qxf3 c6 10. O-O Nbd7 11. Rad1 e5 12. dxe5 Nxe5 13. Qe2 Nxd3 14. Qxd3 Qb6 15. b3 Qa5 16. Na4 Nd7 17. c4 Ne5 18.
Qc2 dxc4 19. bxc4 Rac8 20. Bg3 Nxc4 21. Qxc4 b5 22. Qb3 bxa4 23. Qb7 c5 24. Rd7 Qb6 25. Qd5 Rcd8 26. Rc1 Rxd7 27. Qxd7 Rd8 28. Qxa4 Rc8 29. Qc4 Qe6 30. Kh2 Qxc4 31. Rxc4 f5 32. Bd6 Bf8 33. Be5 Kf7 34. f4 Ke6 35. g4 Kd5 36. Rc3 c4 37. Kg3 Bb4 38. Rc2 Ke4 39. Kf2 Kd3 40. Rc1 c3 41. Rd1+ Kc2 42. Rd7 a5 43.
Rg7 fxg4 44. hxg4 Rc6 45. Ke2 Kb1 46. e4 c2 47. Rxg6 c1=Q 48. Rxc6 Qxc6 0-1

[Event "Early-Titled-Tuesday-Blitz-July-09-2024"]
[Site "Chess.com"]
[Date "2024.07.09"]
[Round "3"]
[White "Resignify"]
[Black "GMMikhailKazakov"]
[Result "0-1"]
[WhiteElo "2269"]
[BlackElo "2512"]
[TimeControl "180+1"]
[EndTime "8:30:06 PDT"]
[Termination "GMMikhailKazakov won on time"]

1. e4 e5 2. Nf3 Nc6 3. Bb5 a6 4. Ba4 Nf6 5. O-O b5 6. Bb3 Bc5 7. Re1 d6 8. c3 Bb6 9. d3 h6 10. Be3 Bxe3 11. fxe3 Ne7 12. Nbd2 Ng6 13. Rf1 O-O 14.
Qe1 Be6 15. Nh4 Nxh4 16. Qxh4 Nd7 17. Qxd8 Raxd8 18. Bc2 f5 19. exf5 Bxf5 20. e4 Be6 21. Rxf8+ Rxf8 22. Bb3 Nc5 23. Bxe6+ Nxe6 24. Nb3 c5 25. g3 Rf3 26. Rd1 Nd8 27. Kg2 Rf7 28. Rf1 Rd7 29. Nd2 Nc6 30. Kf3 a5 31. Ke2 a4 32. a3 Rb7 33. h3 Na5 34. Rc1 b4 35. cxb4 cxb4 36. axb4 Rxb4 37. Rc2 Nb7 38. Nc4 Kf7 39.
Kd2 Ke6 40. Ne3 Nc5 41. Nf5 Rb7 42. Kc1 h5 43. Kd2 g6 44. Ne3 Nb3+ 0-1

[Event "Early-Titled-Tuesday-Blitz-July-09-2024"]
[Site "Chess.com"]
[Date "2024.07.09"]
[Round "3"]
[White "aa175"]
[Black "SuperPower2011"]
[Result "0-1"]
[WhiteElo "2930"]
[BlackElo "2732"]
[TimeControl "180+1"]
[EndTime "8:30:07 PDT"]
[Termination "SuperPower2011 won by resignation"]

1. d4 Nf6 2. Bf4 c5 3. e3 Qb6 4. Na3 d6 5. Nc4 Qc7 6. Nf3 Nh5 7. Bg5 h6 8. Bh4 g5 9. Nfd2 Ng7 10. Bg3 Nf5 11.
c3 Nxg3 12. hxg3 Bg7 13. Bd3 Nc6 14. d5 Nb8 15. e4 Nd7 16. a4 b6 17. f4 Nf6 18.
Qf3 Bg4 19. Qe3 O-O-O 20. f5 e6 21. dxe6 fxe6 22. O-O exf5 23. exf5 Rhe8 24. Qf2 d5 25. Ne3 Bh5 26. a5 bxa5 27. Ba6+ Kb8 28. b4 axb4 29. cxb4 Ng4 30. Nxg4 Bd4 31. bxc5 Bxf2+ 32. Nxf2 Ka8 33.
Rfc1 Be2 34. Nd3 Bxd3 35. Bxd3 Qxg3 36. Nf3 g4 37. Ne1 Rxe1+ 38. Rxe1 Qxd3 39. Kh1 Qxf5 40. Re7 Rd7 41. Re8+ Kb7 42. Rc1 Rc7 43. Re3 Kc6 44. Ra3 Qg5 45. Rc2 g3 46. Ra4 Qh5+ 0-1

[Event "Early-Titled-Tuesday-Blitz-July-09-2024"]
[Site "Chess.com"]
[Date "2024.07.09"]
[Round "3"]
[White "Alonmindlin"]
[Black "Zhigalko_Sergei"]
[Result "0-1"]
[WhiteElo "2710"]
[BlackElo "2931"]
[TimeControl "180+1"]
[EndTime "8:30:08 PDT"]
[Termination "Zhigalko_Sergei won by resignation"]

1. d4 Nf6 2. c4 e6 3. Nf3 b6 4. Nc3 Bb4 5. e3 O-O 6. Bd3 Bb7 7. O-O d5 8. cxd5 exd5 9. Qc2 Re8 10. a3 Bf8 11. b4 Nbd7 12. b5 a6 13. bxa6 Bxa6 14. Bxa6 Rxa6 15. Bb2 c6 16. Na2 c5 17. dxc5 bxc5 18. Rfd1 Qa8 19. Nc3 h6 20. a4 Qc6 21.
Nb5 Rea8 22. h3 Ne4 23. Nd2 Nxd2 24. Qxd2 Nb6 25. Be5 Rxa4 26. Rxa4 Rxa4 27. Nc3 Ra8 28. Nxd5 Nxd5 29. Qxd5 Qxd5 30. Rxd5 f6 31. Bc7 Kf7 32.
Rd8 Rxd8 33. Bxd8 Ke6 34. Kf1 Kd5 35. Ke2 Kc4 36. g4 Kb3 37. Kd2 c4 38. Ba5 Bd6 39. f4 Bc5 40. e4 Bd4 41. h4 Bb2 42. g5 fxg5 43. hxg5 hxg5 44. fxg5 c3+ 45. Kd3 c2 46. Bd2 c1=Q 47. Bxc1 Bxc1 48. g6 Bb2 49. Ke3 Kc4 50. Kf4 Kc5 51. Kf5 Kd6 0-1

[Event "Early-Titled-Tuesday-Blitz-July-09-2024"]
[Site "Chess.com"]
[Date "2024.07.09"]
[Round "3"]
[White "MdChess1734"]
[Black "Sofia_Blokhin"]
[Result "1-0"]
[WhiteElo "2422"]
[BlackElo "2194"]
[TimeControl "180+1"]
[EndTime "8:30:08 PDT"]
[Termination "MdChess1734 won on time"]

1. e4 c5 2. Nf3 e6 3. d4 cxd4 4.
Nxd4 a6 5. Bd3 Nf6 6. Qe2 d6 7. O-O Be7 8. f4 O-O 9. c4 Qc7 10. Nc3 Nbd7 11. Bd2 Nc5 12. Bc2 b6 13. Rae1 Bb7 14. e5 Ne8 15. Qh5 g6 16. Qh6 Ng7 17. Re3 f5 18. Rh3 Kf7 19. Nf3 Bxf3 20. Rhxf3 dxe5 21.
fxe5 Qxe5 22. b4 Nd7 23. Ne4 Rg8 24. Bc3 Qc7 25. Bb3 Raf8 26. Qxh7 Ke8 27. Qxg6+ Kd8 28. Bxg7 Ne5 29. Bxe5 Qxe5 30. Qh5 Qxe4 31. Rd1+ Kc8 32.
c5 Rd8 33. Rc1 bxc5 34. bxc5 Kb8 35. Rf2 Qd4 36. Qe2 Bxc5 37. Rf1 f4 38. Qxa6 f3 39. Qb5+ Kc8 40. g3 e5 41. Be6+ Kc7 42. Qa5+ 1-0

[Event "Early-Titled-Tuesday-Blitz-July-09-2024"]
[Site "Chess.com"]
[Date "2024.07.09"]
[Round "3"]
[White "InitiatingASC"]
[Black "GMAneta"]
[Result "1/2-1/2"]
[WhiteElo "2428"]
[BlackElo "2633"]
[TimeControl "180+1"]
[EndTime "8:30:09 PDT"]
[Termination "Game drawn - insufficient material"]

1. d4 d5 2. c4 c6 3. Nf3 Nf6 4. g3 g6 5. Bg2 Bg7 6. O-O dxc4 7.
Ne5 Be6 8. Na3 O-O 9. Naxc4 Nbd7 10. Bf4 Nxe5 11. Nxe5 Bd5 12. Qd2 a5 13. f3 Nd7 14.
e4 Nxe5 15. dxe5 Bc4 16. Rfd1 Qxd2 17. Rxd2 Rfd8 18. Rxd8+ Rxd8 19. b3 Be6 20. Bf1 Kf8 21. Kf2 h6 22. h4 g5 23. hxg5 hxg5 24. Bxg5 Bxe5 25. Rb1 b5 26. Be3 Ra8 27. f4 Bc3 28.
Rc1 b4 29. f5 Bd7 30. Bc4 a4 31. Rh1 axb3 32. axb3 Ra2+ 33. Kf3 Rb2 34. Rh7 Be8 35. Kf4 Kg8 36. Rh4 Kg7 37. e5 Rg2 38. Rg4+ Kh7 39.
Kf3 Rh2 40. Bf4 Rh1 41. Bd3 f6 42. exf6 exf6 43. Bc4 Bh5 44. Kg2 Bxg4 45. Kxh1 Bxf5 46. Kg2 Be4+ 47. Kf2 Bd5 48. Bxd5 cxd5 49. Ke3 Kg6 50. Kd3 Kf5 51. Bd6 Kg4 52. Be7 f5 53. Bd6 Be1 54. Ke2 Bxg3 55. Bxb4 f4 56. Bc5 f3+ 57. Kf1 Kf5 58.
b4 Ke4 59. b5 d4 60. b6 d3 61.
Bb4 Kd5 62. Bd2 Kc6 63. Be3 Bh4 64. Kg1 Kb7 65. Kf1 Bg3 66. Kg1 Be5 67. Kf2 Bd4 68. Kxf3 Bxb6 69. Ke4 d2 70. Bxd2 1/2-1/2

[Event "Early-Titled-Tuesday-Blitz-July-09-2024"]
[Site "Chess.com"]
[Date "2024.07.09"]
[Round "3"]
[White "MikeSailer"]
[Black "Gnechko_Ruslan"]
[Result "1/2-1/2"]
[WhiteElo "2099"]
[BlackElo "2529"]
[TimeControl "180+1"]
[EndTime "8:30:09 PDT"]
[Termination "Game drawn - insufficient material"]

1. d4 Nf6 2. Nf3 g6 3. Bf4 Bg7 4. e3 O-O 5. Be2 d5 6. O-O c5 7. h3 Nc6 8. c3 b6 9. Nbd2 Bb7 10. Ne5 Nd7 11. Nxc6 Bxc6 12. a3 e5 13. Bh2 e4 14.
b4 Re8 15. bxc5 bxc5 16. Rb1 Qa5 17. Qc1 cxd4 18. cxd4 Rac8 19. Nb3 Qd8 20. Qb2 Ba4 21. Rfc1 Rxc1+ 22. Qxc1 Bf8 23. Nc5 Nxc5 24. dxc5 Qc8 25. Bb5 Bxb5 26. Rxb5 Qa6 27. Qb2 Rc8 28. Qb4 Qc6 29.
Bd6 Bxd6 30. cxd6 a5 31. Qxa5 Qxd6 32. Rb1 d4 33. exd4 Qxd4 34. Qb4 Qd3 35. a4 e3 36. fxe3 Qxe3+ 37. Kh1 h5 38. a5 Ra8 39. Qb6 Qxb6 40.
axb6 Rb8 41. Kg1 Kf8 42. Kf2 Ke7 43. Ke3 Kd6 44. Ke4 f6 45. g4 hxg4 46. hxg4 Kc6 47. Rc1+ Kd6 48. Rb1 f5+ 49. gxf5 gxf5+ 50. Kxf5 Kc6 51.
Rc1+ Kxb6 52. Rb1+ Kc7 53. Rxb8 Kxb8 1/2-1/2

[Event "Early-Titled-Tuesday-Blitz-July-09-2024"]
[Site "Chess.com"]
[Date "2024.07.09"]
[Round "3"]
[White "Dreamer_01"]
[Black "albi1999"]
[Result "1-0"]
[WhiteElo "2453"]
[BlackElo "2646"]
[TimeControl "180+1"]
[EndTime "8:30:10 PDT"]
[Termination "Dreamer_01 won by checkmate"]

1. c4 e6 2. Nf3 c5 3. d4 cxd4 4. Nxd4 a6 5. Nc3 Qc7 6. b3 Nf6 7. Bb2 Bc5 8. g3 b6 9. Bg2 Bb7 10. O-O O-O 11. e4 Nc6 12. Nxc6 Bxc6 13. Qe2 d6 14.
Rad1 b5 15. cxb5 axb5 16. Nxb5 Bxb5 17. Qxb5 Rxa2 18. Bxf6 gxf6 19. Qd3 Rb8 20. Qf3 Qe7 21. Qg4+ Kh8 22. Qh4 Rxb3 23. e5 dxe5 24. Qh6 Bd4 25.
Rc1 Rb8 26. Rc4 f5 27. Rfc1 Rd8 28. Rc8 Rxf2 29. Kh1 Rb2 30. R8c7 Qf8 31. Qf6+ Kg8 32. Qg5+ Kh8 33. Qf6+ Kg8 34. Qg5+ Kh8 35. Rxf7 Qxf7 36.
Qxd8+ Kg7 37. Qg5+ Qg6 38. Rc7+ Kf8 39. Rc8+ Kf7 40. Rc7+ Kf8 41. Qe7+ Kg8 42. Qd8+ Qe8 43. Qxe8# 1-0

[Event "Early-Titled-Tuesday-Blitz-July-09-2024"]
[Site "Chess.com"]
[Date "2024.07.09"]
[Round "3"]
[White "michaelskie11"]
[Black "djano"]
[Result "1/2-1/2"]
[WhiteElo "2390"]
[BlackElo "2600"]
[TimeControl "180+1"]
[EndTime "8:30:11 PDT"]
[Termination "Game drawn by repetition"]

1. d4 Nf6 2. Nc3 d5 3. Bf4 a6 4. e3 c5 5. dxc5 Nc6 6. Nf3 Bg4 7. Be2 Bxf3 8. Bxf3 e6 9. Na4 Bxc5 10. Nxc5 Qa5+ 11. c3 Qxc5 12. O-O O-O 13. Qb3 b5 14. Rfd1 Rfe8 15. a4 h6 16. axb5 axb5 17. Rxa8 Rxa8 18. h3 Qc4 19.
Qc2 Ra2 20. Be2 Qa4 21. Qb1 Qb3 22. Rd2 Ne4 23. Bd1 Qc4 24. Re2 Nxc3 25. bxc3 Rxe2 26.
Bxe2 Qxe2 27. Qa1 Qc4 28. Qa8+ Kh7 29. Qe8 Qxc3 30. Qxf7 Qf6 31. Qb7 e5 32. Bg3 b4 33.
Qb5 Qe6 34. h4 h5 35. Kh2 Kg6 36. Qd3+ e4 37. Qb5 Kf7 38. Qb7+ Kg8 39. Qa8+ Kh7 40.
Qb7 d4 41. exd4 b3 42. Qb6 Qd5 43. Qb7 Qc4 44. Qd7 Nxd4 45. Be5 Ne6 46. Qf7 Qd5 47. Bxg7 Qc6 48. Be5+ Kh6 49. Qf6+ Kh7 50. Qh8+ Kg6 51. Qf6+ Kh7 52. Qf7+ Kh6 53. Qf6+ Kh7 1/2-1/2

[Event "Early-Titled-Tuesday-Blitz-July-09-2024"]
[Site "Chess.com"]
[Date "2024.07.09"]
[Round "3"]
[White "Galileo22"]
[Black "urano56"]
[Result "1-0"]
[WhiteElo "2617"]
[BlackElo "2396"]
[TimeControl "180+1"]
[EndTime "8:30:13 PDT"]
[Termination "Galileo22 won on time"]

1. e4 e6 2. d4 d5 3. e5 c5 4.
c3 Nc6 5. Nf3 Nh6 6. Bxh6 gxh6 7. Be2 cxd4 8. cxd4 Bg7 9. O-O O-O 10. Nc3 f6 11. exf6 Qxf6 12. Rc1 Bd7 13. Qd2 Kh8 14. Rfd1 h5 15. Qc2 h4 16. h3 Bh6 17. Rb1 Rad8 18. Bb5 Rg8 19. Qe2 Rdf8 20. Bxc6 bxc6 21. Qe5 Be8 22. Qxf6+ Rxf6 23. Ne5 Bf4 24. Ne2 Bh5 25. Nxf4 Bxd1 26. Nfd3 Bf3 27. Ne1 Be4 28. Rc1 Rb8 29. Nd7 Rff8 30. Nxf8 Rxf8 31. Rxc6 Rb8 32. b3 Rb4 33. Rxe6 Rxd4 34. f3 Bg6 35. Ra6 Rd1 36. Kf2 Rd2+ 37. Ke3 Rd1 38. Ke2 Rb1 39. Rd6 Rb2+ 40.
Ke3 Bf7 41. f4 Rxa2 42. Nf3 Rxg2 43. Nxh4 Rg3+ 44. Kd4 Rxh3 45. Nf5 h5 46. Ke5 Rxb3 47.
Rd8+ Kh7 48. Rd7 Kg6 49. Rxa7 d4 50. Ra6+ Kh7 51. Nxd4 Re3+ 52. Kf6 Bg8 53. Nf5 Rb3 54. Kg5 1-0

[Event "Early-Titled-Tuesday-Blitz-July-09-2024"]
[Site "Chess.com"]
[Date "2024.07.09"]
[Round "3"]
[White "ChessFighter_2011"]
[Black "gau248"]
[Result "1-0"]
[WhiteElo "2948"]
[BlackElo "2624"]
[TimeControl "180+1"]
[EndTime "8:30:14 PDT"]
[Termination "ChessFighter_2011 won by resignation"]

1. e4 e5 2. Nf3 Nc6 3. Bb5 a6 4. Ba4 Nf6 5. O-O b5 6. Bb3 Bc5 7. d3 O-O 8. a4 Rb8 9. axb5 axb5 10.
Nc3 d6 11. h3 h6 12. Be3 Nd4 13. Bxd4 Bxd4 14. Nxd4 exd4 15. Nd5 Nxd5 16. exd5 Qf6 17. Qd2 Bf5 18. Ra7 Rbc8 19. Qf4 g5 20. Qg3 Kh7 21. Re1 Bg6 22. Rb7 h5 23. Rxb5 Rfe8 24. Rf1 h4 25.
Qf3 Qxf3 26. gxf3 Re2 27. Rb4 Bh5 28. Kg2 Rce8 29. Rxd4 R8e5 30. f4 gxf4 31. Rxf4 Rg5+ 32.
Kh2 Bg6 33. Rxh4+ Kg7 34. Rg4 Rh5 35. d4 Kh6 36. c3 Bf5 37. Rg3 Rxb2 38. Ba4 Rc2 39.
Be8 Bg6 40. Bd7 Rh4 41. Bg4 f5 42. Bd1 Rd2 43. Re3 f4 44. Re6 Kh7 45. Bg4 Bd3 46.
Rfe1 Rh6 47. Re7+ Kg8 48. Rxc7 Rf6 49. Re8+ Rf8 50. Be6+ 1-0

[Event "Early-Titled-Tuesday-Blitz-July-09-2024"]
[Site "Chess.com"]
[Date "2024.07.09"]
[Round "3"]
[White "KevinGeorgeMicheal"]
[Black "nrvisakh"]
[Result "1/2-1/2"]
[WhiteElo "2528"]
[BlackElo "2917"]
[TimeControl "180+1"]
[EndTime "8:30:14 PDT"]
[Termination "Game drawn by repetition"]

1. Nf3 Nf6 2. g3 g6 3. Bg2 Bg7 4. O-O O-O 5. d3 d6 6. e4 c5 7. c3 Nc6 8. d4 cxd4 9. Nxd4 Bg4 10. Qb3 Nd7 11. Be3 Nc5 12. Qc2 Nxd4 13. Bxd4 Bxd4 14.
cxd4 Ne6 15. f3 Nxd4 16. Qf2 Qb6 17. fxg4 Nc2 18. Nc3 Nxa1 19. Rxa1 Qxf2+ 20. Kxf2 Rac8 21. Ke3 Rc5 22. Rd1 Rfc8 23. a4 Kf8 24. Rd2 Ra5 25. Bf1 a6 26. Bd3 e6 27. Bc2 Ke7 28. Bb3 Rh8 29. h4 Rc5 30. Rd4 Rb8 31. Rb4 b6 32. Kd3 Rc7 33. Rc4 Kd7 34. Rxc7+ Kxc7 35. Bc4 Kb7 36.
b4 Rc8 37. b5 a5 38. Ne2 Rc5 39. Nd4 Kc8 40. Nc6 Kd7 41. Nb8+ Kc8 42. Nc6 Kc7 43. Kd4 Kd7 44. Nb8+ Kd8 45. Nc6+ Kc7 46. g5 Kd7 47. Nb8+ Kd8 48. Nc6+ Ke8 49. Nb8 Kd8 50.
Nc6+ Kd7 51. Nb8+ Kc8 52. Nc6 Kd7 1/2-1/2

[Event "Early-Titled-Tuesday-Blitz-July-09-2024"]
[Site "Chess.com"]
[Date "2024.07.09"]
[Round "3"]
[White "VirtualCoach"]
[Black "valik3504"]
[Result "1-0"]
[WhiteElo "2325"]
[BlackElo "2544"]
[TimeControl "180+1"]
[EndTime "8:30:15 PDT"]
[Termination "VirtualCoach won on time"]

1. e4 c5 2. Nf3 e6 3. d4 cxd4 4. Nxd4 a6 5. Bd3 Bc5 6. Nb3 Ba7 7. Qg4 Nf6 8. Qxg7 Rg8 9. Qh6 Bxf2+ 10. Kf1 Ba7 11. Bg5 Rg6 12. Qh4 h6 13. Bd2 Qb6 14. e5 Ng4 15. Bxg6 fxg6 16. Nc3 Nc6 17. Na4 Qb5+ 18. Ke1 Bf2+ 19. Qxf2 Nxf2 20. Kxf2 Qxa4 21. Rhf1 b6 22. Kg1 Bb7 23. Bxh6 O-O-O 24. Rf4 Qb5 25.
c4 Qxe5 26. Raf1 Qxb2 27. R4f2 Qe5 28. Bf4 Qe4 29. Bd6 Nd4 30. Nd2 Qg4 31. h3 Ne2+ 32. Kh2 Qd4 33. Rxe2 Qxd6+ 34. Kh1 Qd3 35. Ref2 Qxh3+ 36. Kg1 Qh6 37. Nb3 Rh8 38. Rf4 Qh1+ 39. Kf2 Qxg2+ 40.
Ke1 Rh2 41. R1f2 Qg1+ 42. Ke2 Rh1 43. Rf1 Qh2+ 44. R4f2 Qh5+ 45. Ke1 Rxf1+ 46. Rxf1 Qe5+ 47. Kd2 Qb2+ 48. Kd3 Qxa2 49. Nd4 Qa3+ 50. Kd2 Be4 51. Rf8+ 1-0

[Event "Early-Titled-Tuesday-Blitz-July-09-2024"]
[Site "Chess.com"]
[Date "2024.07.09"]
[Round "3"]
[White "Nechitaylo_Nikita"]
[Black "CristhianPortalR"]
[Result "1-0"]
[WhiteElo "2318"]
[BlackElo "2502"]
[TimeControl "180+1"]
[EndTime "8:30:15 PDT"]
[Termination "Nechitaylo_Nikita won on time"]

1. d4 Nf6 2. c4 g6 3. f3 d5 4.
cxd5 Nxd5 5. e4 Nb6 6. Nc3 Bg7 7. Be3 Nc6 8. Bb5 O-O 9. Nge2 Qd6 10. Qd2 Rd8 11. O-O-O a6 12. Bxc6 Qxc6 13. d5 Qe8 14. Bxb6 cxb6 15. Kb1 Bd7 16. h4 b5 17. Ng3 Rac8 18. Nce2 b4 19. Qxb4 Bb5 20. Rc1 Qd7 21. Rxc8 Rxc8 22. Rc1 Bh6 23. Rxc8+ Qxc8 24. Qc3 Qb8 25. Qc2 Bf4 26. Nf1 Bd6 27. a4 Bd7 28. Ne3 Qa7 29. Qc3 Bxa4 30. Qc8+ Kg7 31. Qc3+ f6 32. Nc4 Bb8 33. e5 Qf2 34. exf6+ exf6 35. Nd4 Qg1+ 36. Ka2 Qd1 37. Ne6+ Kf7 38.
Qb4 Qxd5 39. Qf8+ Kxe6 40. Qg8+ Ke7 41. Qxd5 Bb3+ 42. Kxb3 1-0

[Event "Early-Titled-Tuesday-Blitz-July-09-2024"]
[Site "Chess.com"]
[Date "2024.07.09"]
[Round "3"]
[White "Alex_Sahakyan2006"]
[Black "AryanTari"]
[Result "1/2-1/2"]
[WhiteElo "2747"]
[BlackElo "2998"]
[TimeControl "180+1"]
[EndTime "8:30:19 PDT"]
[Termination "Game drawn by repetition"]

1. e4 e5 2. Nf3 Nc6 3. Nc3 Nf6 4. Bb5 Bd6 5. d3 h6 6. h3 a6 7. Ba4 b5 8. Bb3 Na5 9. d4 exd4 10. Qxd4 Qe7 11.
Nd5 Nxb3 12. Nxf6+ Qxf6 13. Qxf6 gxf6 14. axb3 Bb7 15. O-O f5 16. exf5 Bxf3 17. Re1+ Kd8 18. gxf3 Kc8 19. Be3 Kb7 20. Rad1 Rae8 21. Kf1 Kc6 22. Bd4 Rxe1+ 23. Rxe1 Rg8 24. Bf6 a5 25. Re4 Ra8 26. Rh4 Bf8 27. Ke2 a4 28. bxa4 Rxa4 29.
Rxa4 bxa4 30. Kd3 d5 31. c4 Bc5 32. Bd4 Kd6 33. Be3 h5 34. Bf4+ Kc6 35. cxd5+ Kxd5 36. Bxc7 Bd4 37. Kc2 Kc4 38. Bg3 Bf6 39. Bf4 Bd4 40.
Be3 Be5 41. Bc1 Bd6 42. Be3 Bb4 43. Bf4 Ba5 44. Be3 Bc7 45. Bg5 Bd6 46. Be3 Be5 47.
Bd2 Bf6 48. Be3 Bg7 49. Bc1 Bh8 50. Bg5 Be5 51. Be3 Bc7 52. Bg5 Bd6 53. Be3 1/2-1/2

[Event "Early-Titled-Tuesday-Blitz-July-09-2024"]
[Site "Chess.com"]
[Date "2024.07.09"]
[Round "3"]
[White "C_K_G"]
[Black "NajdorfPlayerc5"]
[Result "0-1"]
[WhiteElo "2234"]
[BlackElo "2426"]
[TimeControl "180+1"]
[EndTime "8:30:19 PDT"]
[Termination "NajdorfPlayerc5 won on time"]

1. e4 c5 2. Nf3 d6 3. d4 cxd4 4. Nxd4 Nf6 5. Nc3 a6 6. Be2 e5 7. Nb3 Be7 8. Be3 Be6 9. O-O O-O 10. f4 exf4 11. Bxf4 Nc6 12. Nd5 Ne5 13. Qd4 Bxd5 14. exd5 Nfd7 15. Qd2 Bf6 16. Kh1 g6 17. c4 Bg7 18.
Rac1 Qc7 19. h4 Rad8 20. h5 Nc5 21. Nxc5 dxc5 22. hxg6 hxg6 23. Rc3 Rfe8 24. Rh3 Qe7 25. Bg5 f6 26. Bh6 Qf7 27. Bd3 Qf8 28. b3 Bxh6 29.
Rxh6 Qg7 30. Rh3 Kf7 31. Bc2 Rh8 32. Qc3 Rxh3+ 33. gxh3 Ke7 34. a3 Rh8 35. Kg2 Qh6 36. Rf2 Qg5+ 37. Qg3 Qxg3+ 38. Kxg3 f5 39. Bb1 Kd6 40.
Re2 b6 41. Ba2 g5 42. b4 f4+ 0-1